 Dungeon Crawl Stone Soup version 0.23.2-1-ga50397a6bc (webtiles) character file.

Game seed: 2504232466489342232

3850 Mrkan the Grappler (level 9, 0/92 HPs)
             Began as a Troll Monk on May 21, 2019.
             Was a High Priest of Wu Jian.
             Slain by a hippogriff (2 damage)
             ... while petrified by a basilisk
             ... on level 8 of the Dungeon.
             The game lasted 00:15:45 (5751 turns).

Mrkan the Grappler (Troll Monk)                     Turns: 5751, Time: 00:15:46

Health: 0/92       AC:  7    Str: 21    XL:     9   Next: 98%
Magic:  8/8        EV:  1    Int:  6    God:    Wu Jian [*****.]
Gold:   260        SH:  0    Dex: 15    Spells: 8/8 levels left

rFire    . . .     SeeInvis .     - Unarmed
rCold    . . .     Gourm    +   (no shield)
rNeg     + + +     Faith    .   z - +1 robe {rPois}
rPois    ∞         Spirit   .   (helmet restricted)
rElec    .         Reflect  .   (no cloak)
rCorr    .         Harm     .   (gloves unavailable)
MR       .....                  (boots unavailable)
Stlth    ++........             (no amulet)
HPRegen  0.65/turn              (no ring)
MPRegen  0.11/turn              (no ring)

@: petrified
A: large, unfitting armour, claws 3, fast metabolism 3, gourmand, regeneration
1, shaggy fur 1, tough skin 3
a: Wall Jump, Serpent's Lash, Heavenly Storm, Renounce Religion


You were on level 8 of the Dungeon.
You worshipped Wu Jian.
Wu Jian was extremely pleased with you.
You were not hungry.

You visited 1 branch of the dungeon, and saw 8 of its levels.
You also visited: Ossuary.

You collected 330 gold pieces.
You spent 70 gold pieces at shops.

Inventory:

Hand Weapons
 g - a +2 spear of pain
 w - a +1 whip of freezing
Missiles
 f - 22 tomahawks (quivered)
 m - 4 needles of confusion
 n - 6 poisoned needles
Armour
 a - a +0 robe
 u - a +2 hat
 z - a +1 robe of poison resistance (worn)
Magical Staves
 A - an uncursed staff of power {unknown}
Jewellery
 l - a cursed ring of teleportation {unknown}
 r - an uncursed ring of magical power
 v - an uncursed ring of wizardry {unknown}
Wands
 D - a wand of digging (3)
Scrolls
 d - 5 scrolls of amnesia
 h - a scroll of enchant weapon {unknown}
 i - 3 scrolls of blinking
 k - 2 scrolls of enchant armour
 o - a scroll of immolation
 p - 5 scrolls of identify
 s - 3 scrolls of magic mapping {unknown}
 y - a scroll of noise {unknown}
Potions
 c - 5 potions of curing
 e - 2 potions of lignification {unknown}
 j - 4 potions of agility {unknown}
 q - 2 potions of haste {unknown}
 t - a potion of heal wounds {unknown}
 x - 8 potions of degeneration {unknown}
 B - a potion of magic {unknown}
 C - a potion of cancellation {unknown}
Comestibles
 b - 9 rations


   Skills:
 + Level 6.6 Fighting
 + Level 5.9 Dodging
 - Level 1.0 Stealth
 * Level 10.8 Unarmed Combat


You had 8 spell levels left.
You didn't know any spells.
Your spell library contained the following spells:

 Spells                   Type           Power        Failure   Level  Hunger
 Flame Tongue             Conj/Fire      #....        45%         1    ##.....
 Throw Flame              Conj/Fire      #.....       58%         2    ###....
 Conjure Flame            Conj/Fire      #.......     83%         3    ####...
 Inner Flame              Hex/Fire       #.......     83%         3    ####...
 Sticky Flame             Conj/Fire      #.......     99%         4    #####..
 Fireball                 Conj/Fire      #.........   100%        5    ######.


Dungeon Overview and Level Annotations

Branches:
Dungeon (8/15)             Temple (0/1) D:6            Lair (0/6) D:8

Altars:
Cheibriados
Hepliaklqana
Nemelex Xobeh
Qazlal
Trog
Wu Jian
Xom
Zin

Shops:
D:4 (   D:5 [*   D:7 (

Annotations:
D:7 2 transporters, Jabberih's ghost, novice MfGl
D:8 Harold


Innate Abilities, Weirdness & Mutations

You are too large for most types of armour.
You have claws for hands.
Your metabolism is lightning-fast.
You like to eat raw meat.
Your natural rate of healing is unusually fast.
You are covered in fur. (AC +1)
You have extremely tough skin. (AC +3)


Message History

The basilisk gazes at you.
Your limbs have turned to stone.
You have turned to stone.
The orc hits you but does no damage. The basilisk bites you!
* * * LOW HITPOINT WARNING * * *
The hippogriff bites you.
* * * LOW HITPOINT WARNING * * *
The hippogriff pecks you.
* * * LOW HITPOINT WARNING * * *
The hippogriff completely misses you. The basilisk bites you!
* * * LOW HITPOINT WARNING * * *
The basilisk bites you.
* * * LOW HITPOINT WARNING * * *
The orc hits you with a +0 mace.
* * * LOW HITPOINT WARNING * * *
The hippogriff bites you!
* * * LOW HITPOINT WARNING * * *
The hippogriff pecks you!
* * * LOW HITPOINT WARNING * * *
The hippogriff claws you.
You die...

..>o. ..... .# # ####
....... #. .. ..#...
...l.. #.##..
......####.%.H.####.# #.
..........# .Y......# #
........o.# ........# #
.......@l.# .l?.....####
(......lH†##.#.....†.†..
....................†...
.........###............
..#....... ........#...
# ##....... .......####.
#...............# #.
#...............# #.
#...............# #.


You could see a hippogriff, 2 basilisks and 2 orcs.

Vanquished Creatures
  Pikel (D:5)
  Psyche (D:8)
  Sigmund (D:6)
  A yak (D:8)
  2 hungry ghosts
  Menkaure (Ossuary)
  A water moccasin (D:7)
  An ice beast (D:6)
  A slave (D:5)
  2 ogres
  4 phantoms
  2 centaurs
  2 bullfrogs (D:6)
  A big kobold (D:5)
  3 scorpions
  6 killer bees
  A howler monkey (D:5)
  2 bullfrog zombies
  4 crimson imps
  2 hounds
  A gnoll shaman (D:7)
  2 orc priests
  2 orc wizards
  5 iguanas
  A worker ant (D:5)
  3 mummies (Ossuary)
  8 gnolls
  5 adders
  4 shadow imps
  3 adder skeletons
  2 worms
  2 dart slugs
  8 leopard geckos
  12 orcs
  3 ball pythons
  5 bats
  14 giant cockroaches
  6 gnoll zombies (Ossuary)
  9 goblins
  5 hobgoblins
  3 jackals (D:7)
  12 kobolds
  3 quokkas
  5 frilled lizards
  4 gnoll skeletons (Ossuary)
  6 goblin skeletons (Ossuary)
  6 goblin zombies (Ossuary)
  A hobgoblin skeleton (Ossuary)
  2 hobgoblin zombies (Ossuary)
  6 kobold skeletons (Ossuary)
  3 kobold zombies (Ossuary)
  5 orc skeletons (Ossuary)
  4 orc zombies (Ossuary)
  6 rats
  A rat skeleton (Ossuary)
  4 rat zombies
210 creatures vanquished.

Vanquished Creatures (others)
  2 adders (D:5)
  A ball python (D:5)
  A goblin skeleton (Ossuary)
  A hobgoblin skeleton (Ossuary)
  A hobgoblin zombie (Ossuary)
6 creatures vanquished.

Grand Total: 216 creatures vanquished

Notes
Turn   | Place    | Note
-------+----------+-------------------------------------------
     0 | D:1      | Mrkan the Troll Monk began the quest for the Orb.
     0 | D:1      | Reached XP level 1. HP: 22/22 MP: 0/0
   116 | D:1      | Reached XP level 2. HP: 29/29 MP: 1/1
   193 | D:1      | You fall through a shaft!
   905 | D:2      | Found a bloodstained altar of Trog.
   915 | D:2      | Reached XP level 3. HP: 35/36 MP: 2/2
   967 | D:2      | Reached skill level 4 in Unarmed Combat
  1048 | D:2      | Found a glowing silver altar of Zin.
  1847 | D:3      | Reached XP level 4. HP: 28/45 MP: 3/3
  2278 | D:3      | Reached skill level 5 in Unarmed Combat
  2294 | D:3      | Reached XP level 5. HP: 52/53 MP: 4/4
  2314 | D:3      | Found a stormy altar of Qazlal.
  2726 | D:4      | Found an ornate altar of the Wu Jian Council.
  2736 | D:4      | Found Idug Ugu's Weapon Shoppe.
  2758 | D:4      | Became a worshipper of the Wu Jian Council
  2758 | D:4      | Reached * piety under Wu Jian
  2758 | D:4      | Reached ** piety under Wu Jian
  2771 | D:4      | Found a hazy altar of Hepliaklqana.
  2848 | D:4      | Found a sparkling altar of Nemelex Xobeh.
  2986 | D:4      | Reached XP level 6. HP: 62/62 MP: 5/5
  3308 | D:5      | Entered Level 5 of the Dungeon
  3325 | D:5      | Reached skill level 6 in Unarmed Combat
  3416 | D:5      | Noticed a slave
  3418 | D:5      | Noticed a slave
  3423 | D:5      | Noticed Pikel
  3423 | D:5      | Noticed a slave
  3430 | D:5      | Killed a slave
  3439 | D:5      | Noticed a slave
  3440 | D:5      | Killed Pikel
  3440 | D:5      | Reached skill level 7 in Unarmed Combat
  3440 | D:5      | Reached XP level 7. HP: 29/71 MP: 6/6
  3522 | D:5      | Reached XP level 8. HP: 79/79 MP: 7/7
  3573 | D:5      | Found a shimmering altar of Xom.
  3618 | D:5      | Reached skill level 8 in Unarmed Combat
  3895 | D:5      | Found Naog's Serpentskin Sales.
  3900 | D:5      | Bought a +0 robe of poison resistance for 70 gold pieces
  3956 | D:5      | Found Amugoil's Armour Shoppe.
  3967 | D:5      | Reached skill level 5 in Fighting
  4130 | D:6      | Found a sand-covered staircase.
  4150 | Ossuary  | Entered an ossuary
  4187 | Ossuary  | Reached *** piety under Wu Jian
  4332 | Ossuary  | Noticed Menkaure
  4337 | Ossuary  | Killed Menkaure
  4503 | D:6      | Reached **** piety under Wu Jian
  4614 | D:6      | Found a staircase to the Ecumenical Temple.
  4655 | D:6      | Reached skill level 9 in Unarmed Combat
  4755 | D:6      | Noticed Sigmund
  4764 | D:6      | Killed Sigmund
  4768 | D:6      | Reached XP level 9. HP: 68/89 MP: 8/8
  4902 | D:7      | Found a transporter.
  4902 | D:7      | Noticed a gargoyle
  4928 | D:7      | Reached skill level 5 in Dodging
  5149 | D:7      | Reached skill level 10 in Unarmed Combat
  5179 | D:7      | Found a transporter.
  5179 | D:7      | Noticed Jabberih's ghost (novice MfGl)
  5180 | D:7      | Noticed a purple ugly thing
  5249 | D:7      | Found a snail-covered altar of Cheibriados.
  5274 | D:7      | Found Herusch's Weapon Boutique.
  5507 | D:8      | Noticed Psyche
  5518 | D:8      | Killed Psyche
  5533 | D:8      | Noticed Harold
  5546 | D:8      | Reached ***** piety under Wu Jian
  5562 | D:8      | HP: 2/92 [killer bee (8)]
  5725 | D:8      | Found a staircase to the Lair.
  5751 | D:8      | HP: 2/92 [hippogriff (4)]
  5751 | D:8      | Slain by a hippogriff

Skill      XL: |  1  2  3  4  5  6  7  8  9 |
---------------+----------------------------+-----
Unarmed Combat | 4 5 7 9 10 | 10.8
Fighting       | 3 4 5 6 |  6.6
Dodging        | 3 4 5 |  5.9
Stealth        | |  1.0

Action                   |  1- 3 |  4- 6 |  7- 9 || total
-------------------------+-------+-------+-------++-------
Melee: Unarmed           |   142 |   127 |   335 ||   604
       Punch             |     3 |     2 |    10 ||    15
Invok: Whirlwind         |       |     8 |    63 ||    71
       Lunge             |       |     6 |    38 ||    44
 Abil: Wall Jump         |       |     1 |     2 ||     3
  Use: Scroll            |       |       |     9 ||     9
       Potion            |       |       |     3 ||     3
 Stab: Sleeping          |     3 |     1 |     3 ||     7
       Distracted        |     1 |       |     1 ||     2
  Eat: Chunk             |    20 |    10 |    20 ||    50
       Ration            |       |       |     2 ||     2
Armor: Robe              |    60 |    50 |    68 ||   178
Dodge: Dodged            |    75 |    77 |   174 ||   326
